 Dungeon Crawl Stone Soup version 0.30-a0-374-g95c0257040 (webtiles) character file.

Game seed: 6779635477358065700

74 NinjaNoafa the Chopper (level 4, 0/39 HPs)
             Began as a Hill Orc Monk on Nov 26, 2022.
             Slain by Grinder (2 damage)
             ... while paralysed by Grinder
             ... on level 3 of the Dungeon.
             The game lasted 00:03:23 (2156 turns).

NinjaNoafa the Chopper (Hill Orc Monk)              Turns: 2156, Time: 00:03:23

Health: 0/39       AC:  4    Str: 14 (15) XL:     4   Next: 28%
Magic:  4/4        EV:  2    Int:  8 (10) God:
Gold:   51         SH:  0    Dex: 12 (13) Spells: 3/3 levels left

rFire   . . .      SeeInvis .    a - +0 hand axe
rCold   . . .      Faith    .    (no shield)
rNeg    . . .      Spirit   .    q - +0 leather armour
rPois   .          Reflect  .    (no helmet)
rElec   .          Harm     .    l - +0 cloak
rCorr   +          Rampage  .    (no gloves)
Will    .....                    (no boots)
Stlth   +.........               (no amulet)
HPRegen 0.26/turn                j - ring of resist corrosion
MPRegen 0.09/turn                (no ring)

@: paralysed, mighty, attractive, flying, hasted
A: no striking features
a: no special abilities


You were on level 3 of the Dungeon.
You visited 1 branch of the dungeon, and saw 3 of its levels.

You collected 51 gold pieces.

Inventory:

Hand Weapons
 a - a +0 hand axe (weapon)
Missiles
 e - 7 stones (quivered)
 m - 4 poisoned darts
Armour
 l - a +0 cloak (worn)
 q - a +0 leather armour (worn)
Jewellery
 j - a ring of resist corrosion (left hand)
Wands
 t - a wand of light (15)
Scrolls
 i - 4 scrolls of teleportation
 k - a scroll of fog {unknown}
 o - a scroll of noise {unknown}
 r - a scroll of immolation {unknown}
Potions
 g - a potion of attraction
 h - a potion of might
 n - a potion of lignification {unknown}
 p - a potion of mutation {unknown}
 s - a potion of curing {unknown}


   Skills:
 - Level 3.6 Fighting
 + Level 5.3 Axes
 - Level 3.0 Armour
 - Level 2.4 Dodging
 - Level 1.5 Stealth


You had 3 spell levels left.
You didn't know any spells.
Your spell library contained the following spells:

 Spells                   Type           Power      Damage    Failure   Level
 Frozen Ramparts          Ice            0%         1d1       85%         3
 Animate Dead             Necr           0%         N/A       99%         4
 Ice Form                 Ice/Tmut       0%         N/A       99%         4
 Summon Ice Beast         Ice/Summ       0%         N/A       99%         4
 Borgnjor's Vile Clutch   Necr/Erth      0%         N/A       100%        5
 Death Channel            Necr           0%         N/A       100%        6


Dungeon Overview and Level Annotations

Branches:
Dungeon (3/15)

Altars:
Ru

Annotations:
D:1 1 runed translucent door
D:3 Grinder


Message History

Grinder is lightly wounded.
Grinder barely misses you.
You barely miss Grinder.
Grinder is lightly wounded.
Grinder hits you!
You writhe in agony.
You hit Grinder.
Grinder is moderately wounded.
Grinder completely misses you.
You hit Grinder.
Grinder is moderately wounded.
Grinder hits you.
You writhe in agony.
* * * LOW HITPOINT WARNING * * *
You slash Grinder!
Grinder is heavily wounded.
Grinder hits you.
* * * LOW HITPOINT WARNING * * *
You slash Grinder!
Grinder is severely wounded.
Grinder hits you.
* * * LOW HITPOINT WARNING * * *
You writhe in agony.
* * * LOW HITPOINT WARNING * * *
Unknown command.
It was a potion of attraction.
You feel attractive to monsters.
Grinder blinks!
Grinder is attracted toward you.
It was a potion of flight.
You feel very buoyant.
You fly up into the air.
Grinder is attracted toward you.
It was a potion of haste.
You feel yourself speed up. Grinder hits you.
* * * LOW HITPOINT WARNING * * *
It was a potion of degeneration.
There was something very wrong with that liquid.
You feel weakened.
You feel dopey.
You feel clumsy. Grinder gestures at you.
You suddenly lose the ability to move!
Grinder gestures at you. You resist with significant effort. Grinder hits you.
You die...

# #### .# ##
#.. .##..
#.###...###
#<.........
#..........
#.#@.......
###5#######
... .....
.......
.........
#..$.......
#.........##


You could see Grinder.

Vanquished Creatures
  2 adders
  3 dart slugs
  5 ball pythons
  3 giant cockroaches
  4 goblins (D:1)
  6 hobgoblins
  4 kobolds
  2 quokkas (D:1)
  9 bats
  2 frilled lizards (D:1)
  8 rats
48 creatures vanquished.

Notes
Turn   | Place    | Note
-------+----------+-------------------------------------------
     0 | D:1      | NinjaNoafa the Hill Orc Monk began the quest for the Orb.
     0 | D:1      | Reached XP level 1. HP: 19/19 MP: 1/1
     1 | D:1      | Found a runed translucent door.
    37 | D:1      | Reached skill level 1 in Armour
   210 | D:1      | Reached XP level 2. HP: 23/26 MP: 2/2
   564 | D:1      | Reached XP level 3. HP: 31/31 MP: 3/3
  1589 | D:2      | Reached XP level 4. HP: 32/39 MP: 4/4
  1592 | D:2      | Reached skill level 5 in Axes
  1957 | D:2      | Found a sacrificial altar of Ru.
  2134 | D:3      | Noticed Grinder
  2138 | D:3      | Paralysed by Grinder for 4 turns
  2153 | D:3      | HP: 1/39 [Grinder (2)]
  2154 | D:3      | Paralysed by Grinder for 2 turns
  2156 | D:3      | Slain by Grinder

Illustrated notes

Levels and vault maps discovered:
D:1:      dpeg_arrival_caged_fury, layout_loops_ring
D:2:      layout_basic, basic_altar
D:3:      layout_basic, serial_shops, nicolae_shop_stone,
          shapermc_ecumenical_altar_mp_ritualfount, kennysheep_generic_room_4,
          uniq_grinder

Skill      XL: |  1  2  3  4 |
---------------+-------------+-----
Armour         | 1 2 3 |  3.0
Axes           | 5 |  5.3
Fighting       | |  3.6
Dodging        | |  2.4
Stealth        | |  1.5

Action                   |  1- 3 |  4- 6 || total
-------------------------+-------+-------++-------
Melee: Hand axe          |   131 |    26 ||   157
       Punch             |     2 |       ||     2
  Use: Potion            |     1 |     5 ||     6
       Scroll            |       |     2 ||     2
 Stab: Sleeping          |     5 |       ||     5
Armor: Robe              |    46 |       ||    46
       Leather armour    |     1 |     8 ||     9
Dodge: Dodged            |   117 |    19 ||   136

Table legend: (Time is in decaauts)
 A = Elapsed time spent in this place.
 B = Non-inter-level travel time spent in this place.
 C = Inter-level travel time spent in this place.
 D = Time resting spent in this place.
 E = Time spent auto-exploring this place.
 F = Levels seen in this place.
 G = Mean time per level.
                   A        B        C        D        E       F      G
               +--------+--------+--------+--------+--------+-----+--------+
         Total |   2168 |   2005 |    163 |      0 |   1545 |   3 |  722.7 |
       Dungeon |   2168 |   2005 |    163 |      0 |   1545 |   3 |  722.7 |
               +--------+--------+--------+--------+--------+-----+--------+

Top non-repeatable levels by time:
     D:1: 1270 daAuts
     D:2: 875 daAuts
     D:3: 21 daAuts
